 Dungeon Crawl Stone Soup version 0.29.0-4-gdea44cf6ec (webtiles) character file.

Game seed: 14568652892869059064

134 qw the Ruffian (level 5, -1/41 HPs)
             Began as a Ghoul Fire Elementalist on Aug 29, 2022.
             Killed by divine providence
             ... invoked by an orc priest
              (12 damage)
             ... on level 4 of the Dungeon.
             The game lasted 00:02:39 (2971 turns).

qw the Ruffian (Ghoul Fire Elementalist)            Turns: 2971, Time: 00:02:39

Health: -1/41      AC:  8    Str: 12 (14) XL:     5   Next: 17%
Magic:  6/6        EV:  5    Int: 10      God:
Gold:   37         SH:  0    Dex:  8 (9)  Spells: 6/7 levels left

rFire   . . .      SeeInvis .     - Unarmed
rCold   + . .      Faith    .   (no shield)
rNeg    + + +      Spirit   .   h - +0 chain mail
rPois   inf        Reflect  .   (no helmet)
rElec   .          Harm     .   (no cloak)
rCorr   .          Rampage  .   (no gloves)
Will    .....                   (no boots)
Stlth   ..........              (no amulet)
HPRegen 0.00/turn               (no ring)
MPRegen 0.10/turn               (no ring)

@: inhibited regen
A: claws 1, cold resistance 1, negative energy resistance 3, inhibited
regeneration, torment resistance 2, devour on kill
a: no special abilities


You were on level 4 of the Dungeon.
You visited 1 branch of the dungeon, and saw 4 of its levels.

You collected 119 gold pieces.
You spent 82 gold pieces at shops.


Innate Abilities, Weirdness & Mutations

You are immune to poison.
You have sharp fingernails.
Your flesh is cold resistant. (rC+)
You are immune to negative energy. (rN+++)
You do not regenerate when monsters are visible.
You are immune to unholy pain and torment.
You thrive by killing the living.


   Skills:
 - Level 2.0 Fighting
 - Level 1.4 Armour
 - Level 1.7 Dodging
 - Level 2.1 Stealth
 + Level 4.0 Unarmed Combat
 - Level 1.7 Spellcasting
 - Level 0.7 Conjurations
 - Level 2.4 Fire Magic


You had 6 spell levels left.
You knew the following spells:

 Your Spells              Type           Power      Damage    Failure   Level
a - Foxfire               Conj/Fire      16%        2x1d4     100%        1

Your spell library contained the following spells:

 Spells                   Type           Power      Damage    Failure   Level
 Scorch                   Fire           10%        2d5       100%        2
 Conjure Flame            Conj/Fire      4%         6-21      100%        3
 Inner Flame              Hex/Fire       3%         N/A       100%        3
 Flame Wave               Conj/Fire      4%         2d5       100%        4

Inventory:

Armour
 h - a +0 chain mail (worn)
Scrolls
 c - a scroll of identify
Potions
 e - 2 potions of curing
 f - 3 potions of might
 i - a potion of heal wounds {unknown}
 j - a potion of brilliance {unknown}

Dungeon Overview and Level Annotations

Branches:
Dungeon (4/15)
 Temple: D:4-7

Altars:
Gozag

Shops:
D:2 (   D:3 *


Message History

The orc priest attacks as you move away!
The orc priest barely misses you.
2960 ||| Stepping ~*~*~tactically~*~*~ (outnumbered).
The orc attacks as you move away!
The orc hits you with a +2 whip of draining.
The orc priest attacks as you move away!
The orc priest hits you with a +0 whip.
2961 ||| Stepping ~*~*~tactically~*~*~ (outnumbered).
The orc attacks as you move away!
The orc hits you with a +2 whip of draining.
The orc attacks as you move away! The orc barely misses you.
2962 ||| Stepping ~*~*~tactically~*~*~ (outnumbered).
The orc priest attacks as you move away!
The orc priest hits you but does no damage.
You closely miss the orc priest.
The orc priest is moderately wounded.
You scratch the orc priest. Your claw misses the orc priest.
The orc priest is heavily wounded.
2965 ||| Stepping ~*~*~tactically~*~*~ (outnumbered).
The orc priest hits you but does no damage.
2966 ||| Stepping ~*~*~tactically~*~*~ (outnumbered).
The orc attacks as you move away! The orc hits you but does no damage.
2967 ||| Stepping ~*~*~tactically~*~*~ (outnumbered).
The orc priest attacks as you move away!
The orc priest hits you with a +0 whip. The orc attacks as you move away!
The orc hits you with a +0 club.
2968 ||| Stepping ~*~*~tactically~*~*~ (outnumbered).
You closely miss the orc priest.
The orc priest is heavily wounded.
The orc priest barely misses you.
You claw the orc priest!
The orc priest is almost dead.
The orc priest hits you with a +0 whip.
The ball python bites you but does no damage.
The ball python grabs you. The ball python constricts you.
You claw the ball python!
You kill the ball python!
The orc priest mumbles some strange prayers to Beogh against you.
Beogh smites you!
You die...

..... ..... ..##
...... ... ...... ..#
......# ..#
.......##..#
...........##+###
.......@........#
##.....#oo......#
####.##o.......# #
.............###.#
###..............
##.###..##... #
.######..##..##.###.#.
......................
......................


You could see an orc priest and 2 orcs.

Vanquished Creatures
  A hound (D:4)
  2 adders
  A worm (D:2)
  3 dart slugs
  4 orcs (D:3)
  3 endoplasms
  4 giant cockroaches
  6 goblins
  5 hobgoblins
  5 jackals
  3 quokkas
  5 ball pythons
  7 bats
  3 frilled lizards
  8 kobolds
  7 rats
67 creatures vanquished.

Vanquished Creatures (others)
  A plant (D:1)
1 creature vanquished.

Grand Total: 68 creatures vanquished

Notes
Turn   | Place    | Note
-------+----------+-------------------------------------------
     0 | D:1      | qw the Ghoul Fire Elementalist began the quest for the Orb.
     0 | D:1      | Reached XP level 1. HP: 14/14 MP: 2/2
     0 | D:1      | 0 ||| qw: Version: 0.1-a-90-g952f4b7
     0 | D:1      | 0 ||| qw: Game counter: 4102
     0 | D:1      | 0 ||| qw: Always use a shield: true
     0 | D:1      | 0 ||| qw: God list: Okawaru
     0 | D:1      | 0 ||| qw: Allow faded altars: false
     0 | D:1      | 0 ||| qw: Do Orc after D:15 true
     0 | D:1      | 0 ||| qw: Do second Lair branch before Depths: true
     0 | D:1      | 0 ||| qw: Lair rune preference: random
     0 | D:1      | 0 ||| qw: Plans: Normal
     0 | D:1      | 0 ||| PLANNING D:1-11
   165 | D:1      | Reached skill level 1 in Unarmed Combat
   219 | D:1      | Reached XP level 2. HP: 22/22 MP: 3/3
   221 | D:1      | Reached skill level 1 in Fighting
   401 | D:1      | 401 ||| Stepping ~*~*~tactically~*~*~ (stealth).
   471 | D:1      | 471 ||| Stepping ~*~*~tactically~*~*~ (outnumbered).
   472 | D:1      | 472 ||| Stepping ~*~*~tactically~*~*~ (outnumbered).
   545 | D:1      | 545 ||| Stepping ~*~*~tactically~*~*~ (stealth).
   550 | D:1      | 550 ||| Stepping ~*~*~tactically~*~*~ (stealth).
   647 | D:1      | 647 ||| Stepping ~*~*~tactically~*~*~ (stealth).
   661 | D:1      | Reached skill level 2 in Unarmed Combat
   818 | D:1      | 818 ||| Stepping ~*~*~tactically~*~*~ (stealth).
   819 | D:1      | 819 ||| Stepping ~*~*~tactically~*~*~ (stealth).
   887 | D:1      | Found a faded altar of an unknown god.
  1039 | D:1      | 1039 ||| UPGRADING to +0 leather armour.
  1049 | D:1      | 1049 ||| DROPPING +0 robe.
  1050 | D:1      | 1050 ||| UPGRADING to +0 ring mail.
  1060 | D:1      | 1060 ||| DROPPING +0 leather armour.
  1061 | D:1      | 1061 ||| READING scroll labelled WEB BEASHROPH.
  1062 | D:1      | 1062 ||| DROPPING potion of magic.
  1111 | D:2      | Reached XP level 3. HP: 12/28 MP: 4/4
  1247 | D:2      | 1247 ||| Stepping ~*~*~tactically~*~*~ (stealth).
  1248 | D:2      | 1248 ||| Stepping ~*~*~tactically~*~*~ (stealth).
  1301 | D:2      | 1301 ||| Stepping ~*~*~tactically~*~*~ (stealth).
  1304 | D:2      | 1304 ||| Stepping ~*~*~tactically~*~*~ (stealth).
  1306 | D:2      | 1306 ||| Stepping ~*~*~tactically~*~*~ (stealth).
  1308 | D:2      | 1308 ||| Stepping ~*~*~tactically~*~*~ (stealth).
  1316 | D:2      | 1316 ||| Stepping ~*~*~tactically~*~*~ (stealth).
  1380 | D:2      | 1380 ||| Stepping ~*~*~tactically~*~*~ (outnumbered).
  1381 | D:2      | 1381 ||| Stepping ~*~*~tactically~*~*~ (outnumbered).
  1382 | D:2      | 1382 ||| Stepping ~*~*~tactically~*~*~ (outnumbered).
  1383 | D:2      | 1383 ||| Stepping ~*~*~tactically~*~*~ (outnumbered).
  1384 | D:2      | 1384 ||| Stepping ~*~*~tactically~*~*~ (outnumbered).
  1411 | D:2      | 1411 ||| Stepping ~*~*~tactically~*~*~ (stealth).
  1413 | D:2      | 1413 ||| Stepping ~*~*~tactically~*~*~ (hiding).
  1415 | D:2      | 1415 ||| Stepping ~*~*~tactically~*~*~ (hiding).
  1483 | D:2      | 1483 ||| Stepping ~*~*~tactically~*~*~ (stealth).
  1485 | D:2      | 1485 ||| Stepping ~*~*~tactically~*~*~ (stealth).
  1486 | D:2      | 1486 ||| Stepping ~*~*~tactically~*~*~ (stealth).
  1489 | D:2      | Reached skill level 3 in Unarmed Combat
  1547 | D:2      | 1547 ||| Stepping ~*~*~tactically~*~*~ (stealth).
  1553 | D:2      | 1553 ||| Stepping ~*~*~tactically~*~*~ (hiding).
  1633 | D:2      | Found Syqiwoxt's Weapon Boutique.
  1688 | D:2      | 1688 ||| READING scroll labelled AGIB YL SUDDO.
  1692 | D:2      | 1692 ||| READING scroll labelled RANAUZE XINWONUR.
  1693 | D:2      | 1693 ||| READING scroll labelled PICUXZUYSS.
  1694 | D:2      | 1694 ||| DRINKING 2 grey potions.
  1695 | D:2      | 1695 ||| READING 2 scrolls of identify.
  1695 | D:2      | 1695 ||| IDENTIFYING fuming emerald potion
  1696 | D:2      | 1696 ||| DROPPING potion of degeneration.
  1727 | D:3      | 1727 ||| Stepping ~*~*~tactically~*~*~ (outnumbered).
  1776 | D:3      | Reached XP level 4. HP: 35/35 MP: 5/5
  2001 | D:3      | 2001 ||| Stepping ~*~*~tactically~*~*~ (hiding).
  2008 | D:3      | 2008 ||| Stepping ~*~*~tactically~*~*~ (outnumbered).
  2009 | D:3      | 2009 ||| Stepping ~*~*~tactically~*~*~ (stealth).
  2026 | D:3      | Found an opulent altar of Gozag.
  2050 | D:3      | Reached skill level 4 in Unarmed Combat
  2112 | D:3      | Found Disatil's General Store.
  2121 | D:3      | 2121 ||| BUYING +0 chain mail (49 gold).
  2121 | D:3      | Bought a +0 chain mail for 49 gold pieces
  2121 | D:3      | 2121 ||| BUYING potion of curing (33 gold).
  2121 | D:3      | Bought a potion of curing for 33 gold pieces
  2576 | D:3      | 2576 ||| UPGRADING to +0 chain mail.
  2586 | D:3      | 2586 ||| DROPPING +0 ring mail.
  2587 | D:3      | 2587 ||| READING scroll labelled POMI HABYOXTA.
  2688 | D:3      | 2688 ||| READING scroll labelled YHURGH MACAGYE.
  2689 | D:3      | 2689 ||| READING 4 scrolls labelled LEOCRA TIAFFESM.
  2690 | D:3      | 2690 ||| DROPPING 3 scrolls of immolation.
  2813 | D:4      | Reached skill level 1 in Armour
  2813 | D:4      | Reached XP level 5. HP: 24/41 MP: 6/6
  2957 | D:4      | 2957 ||| Stepping ~*~*~tactically~*~*~ (outnumbered).
  2958 | D:4      | 2958 ||| Stepping ~*~*~tactically~*~*~ (outnumbered).
  2959 | D:4      | 2959 ||| Stepping ~*~*~tactically~*~*~ (outnumbered).
  2960 | D:4      | 2960 ||| Stepping ~*~*~tactically~*~*~ (outnumbered).
  2961 | D:4      | 2961 ||| Stepping ~*~*~tactically~*~*~ (outnumbered).
  2962 | D:4      | 2962 ||| Stepping ~*~*~tactically~*~*~ (outnumbered).
  2965 | D:4      | 2965 ||| Stepping ~*~*~tactically~*~*~ (outnumbered).
  2966 | D:4      | 2966 ||| Stepping ~*~*~tactically~*~*~ (outnumbered).
  2967 | D:4      | 2967 ||| Stepping ~*~*~tactically~*~*~ (outnumbered).
  2968 | D:4      | 2968 ||| Stepping ~*~*~tactically~*~*~ (outnumbered).
  2971 | D:4      | Killed from afar by an orc priest

Levels and vault maps discovered:
D:1:      dpeg_arrival_rhombus, layout_basic, serial_bayou,
          serial_bayou_shore_b, serial_bayou_crossing, serial_bayou_lagoon_a,
          serial_bayou_pond_b, hellmonk_ecumenical_altar_crossroads,
          minmay_distorted
D:2:      layout_rooms, serial_shops, nicolae_shop_waterfront
D:3:      layout_basic, lemuel_doored_altar, serial_shops,
          nicolae_shop_temple_entry_statues_fountains
D:4:      layout_basic, gammafunk_ghost_smash, chequers_big_river, uniq_sigmund

Skill      XL: |  1  2  3  4 |
---------------+-------------+-----
Unarmed Combat | 1 2 3 4 |  4.0
Fighting       | 1 2 |  2.0
Armour         | 1 |  1.4
Dodging        | |  1.7
Stealth        | |  2.1
Spellcasting   | |  1.7
Conjurations   | |  0.7
Fire Magic     | |  2.4

Action                   |  1- 3 |  4- 6 || total
-------------------------+-------+-------++-------
Melee: Unarmed           |   126 |   107 ||   233
       Punch             |     3 |     1 ||     4
Throw: Boomerang         |    58 |       ||    58
  Use: Scroll            |     5 |     3 ||     8
       Potion            |     1 |       ||     1
Armor: Robe              |    11 |       ||    11
       Ring mail         |    21 |    30 ||    51
       Chain mail        |       |    17 ||    17
Dodge: Dodged            |    75 |    42 ||   117

Table legend:
 A = Non-vault XP
 B = Vault XP
 C = Vault XP percentage of total XP
 D = Non-vault monster count
 E = Vault monster count
 F = Vault count percentage of total count
                 A         B        C        D         E       F
            +---------+---------+-------+---------+---------+-------
      Total |     186 |       7 |   3.6 |      63 |       4 |   6.0
            +---------+---------+-------+---------+---------+-------
        D:1 |      26 |       7 |  21.2 |      16 |       4 |  20.0
        D:2 |      42 |       0 |   0.0 |      15 |       0 |   0.0
        D:3 |      66 |       0 |   0.0 |      27 |       0 |   0.0
        D:4 |      52 |       0 |   0.0 |       5 |       0 |   0.0
            +---------+---------+-------+---------+---------+-------
